 Dungeon Sprint DCSS version 0.30-a0-937-ga0a21ad780 (webtiles) character file.

Game seed: 17509221758266398036

22594 BigDaddyOpFi the End of an Era (level 13, -5/134 HPs)
             Began as a Hill Orc Monk on Mar 24, 2023.
             Was the Champion of Qazlal.
             Slain by a war gargoyle
             ... wielding a +0 great mace
              (15 damage)
             ... in the Dungeon (Sprint V: "Ziggurat Sprint").
             The game lasted 00:03:57 (1175 turns).

BigDaddyOpFi the End of an Era (Hill Orc Monk)      Turns: 1175, Time: 00:03:58

Health: -5/134     AC: 28    Str: 27    XL:     13   Next: 1%
Magic:  0/26       EV:  5    Int: 10    God:    Qazlal [******]
Gold:   0          SH: 33    Dex: 15    Spells: 12/12 levels left

rFire   . . .      SeeInvis +    D - +16 obsidian axe {drain, demonic, Mesm Drain Fly SInv}
rCold   . . .      Faith    .    F - +18 shield of the Gong {Loud rN+ Will+ rCorr EV-5}
rNeg    + . .      Spirit   +    E - +15 Maxwell's patent armour {-Cast -Tele rElec Will+ rCorr}
rPois   .          Reflect  .    (no helmet)
rElec   +          Rampage  .    (no cloak)
rCorr   +          NoTele   +    (no gloves)
Will    ++...      NoCast   +    (no boots)
Stlth   +                        I - amulet "Yradef" {Spirit Str+2 Dex+2}
HPRegen 0.42/turn                A - +6 ring of strength
MPRegen 0.20/turn                J - +4 ring of slaying

@: protected from physical damage, flying, mesmerised, repel missiles
A: no striking features
a: Renounce Religion, Upheaval, Elemental Force, Disaster Area


You were in the Dungeon.
You worshipped Qazlal.
Qazlal was exalted by your worship.
You visited 1 branch

Inventory:

Hand Weapons
 D - the +16 obsidian axe (weapon) {drain, demonic, Mesm Drain Fly SInv}
   (You found it in the Dungeon)

   Mesm:      Its wielder is mesmerised by any visible foes, and it cannot be
   unequipped while any foes are visible.
   SInv:      It lets you see invisible.
   Fly:       It grants you flight.
   Drain:     It drains your maximum health when unequipped.
Armour
 E - the +15 Maxwell's patent armour (worn) {-Cast -Tele rElec Will+ rCorr}
   (You found it in the Dungeon)

   rElec:     It insulates you from electricity.
   -Cast:     It prevents spellcasting.
   -Tele:     It prevents most forms of teleportation.
   rCorr:     It protects you from acid and corrosion.
   Will:      It increases your willpower.
 F - the +18 shield of the Gong (worn) {Loud rN+ Will+ rCorr EV-5}
   (You found it in the Dungeon)

   Loud:      It is deafeningly noisy when blocking attacks.
   EV:        It affects your evasion (-5).
   rN:        It protects you from negative energy.
   rCorr:     It protects you from acid and corrosion.
   Will:      It increases your willpower.
Jewellery
 a - a ring of magical power
 q - a ring of positive energy
 v - a ring of flight
 w - a +6 ring of dexterity
 x - a +6 ring of dexterity
 y - a +6 ring of intelligence
 z - a +6 ring of intelligence
 A - a +6 ring of strength (left hand)
 B - a +6 ring of strength
 I - the amulet "Yradef" (around neck) {Spirit Str+2 Dex+2}
   (You found it in the Dungeon)

   [amulet of guardian spirit]

   It causes incoming damage to be divided between your reserves of health and
   magic.
   Str:       It affects your strength (+2).
   Dex:       It affects your dexterity (+2).
 J - a +4 ring of slaying (right hand)
 K - a +6 ring of strength
Wands
 s - a wand of mindburst (7)
 t - a wand of iceblast (7)
 u - a wand of acid (7)
Scrolls
 b - 2 scrolls of brand weapon
 i - 4 scrolls of blinking
 j - 4 scrolls of amnesia
 k - 7 scrolls of fog
 l - 5 scrolls of identify
 m - 2 scrolls of fear
 G - 4 scrolls of enchant armour
Potions
 c - a potion of ambrosia
 d - 10 potions of curing
 e - 6 potions of heal wounds
 f - 8 potions of haste
 g - 5 potions of magic
 h - 3 potions of berserk rage
 n - 2 potions of brilliance
 o - 2 potions of invisibility
 p - 4 potions of resistance
 r - 5 potions of might
Miscellaneous
 C - a lightning rod (4/4)
 H - a phantom mirror


   Skills:
 + Level 17.9 Fighting
 + Level 19.3 Axes
 + Level 12.9 Dodging
 + Level 13.8 Stealth
 * Level 19.5 Invocations


You had 12 spell levels left.
You didn't know any spells.
Your spell library contained the following spells:

 Spells                   Type           Power      Damage    Failure   Level
 Magic Dart               Conj           0%         1d3       100%        1
 Sting                    Tmut/Pois      0%         1d3       100%        1
 Ensorcelled Hibernation  Hex/Ice        0%         N/A       100%        2
 Call Canine Familiar     Summ           0%         N/A       100%        3
 Ozocubu's Armour         Ice            0%         N/A       100%        3
 Portal Projectile        Hex/Tloc       0%         N/A       100%        3
 Iskenderun's Mystic Bla  Conj/Tloc      0%         2d3       100%        4
 Summon Ice Beast         Ice/Summ       0%         N/A       100%        4
 Summon Mana Viper        Hex/Summ       0%         N/A       100%        5
 Summon Cactus Giant      Summ           0%         N/A       100%        6
 Monstrous Menagerie      Summ           0%         N/A       100%        7
 Fire Storm               Conj/Fire      0%         5d1       100%        9


Dungeon Overview and Level Annotations

Branches:
Dungeon (1/1)

Altars:
Ashenzari
Cheibriados
Dithmenos
Elyvilon
Fedhas
Gozag
Hepliaklqana
Kikubaaqudgha
Makhleb
Nemelex Xobeh
Okawaru
Qazlal
Ru
Sif Muna
Trog
Uskayaw
Vehumet
Wu Jian
Xom
Yredelemnul
Zin
The Shining One
Beogh
Jiyva
Lugonu

Annotations:
D 1 transporter


Message History

Okay, then.
Magic courses through your body.
Visions of slaying the war gargoyle flood into your mind.
You block the ancient champion's attack.
GONNNNG!
The war gargoyle launches metal splinters at you.
The spray of metal splinters hits you but does no damage.
The war gargoyle is engulfed in freezing vapours.
You block the war gargoyle's attack.
GONNNNG!
The quicksilver elemental breathes dispelling energy at you.
The bolt of dispelling energy hits you!
Your magical effects are unravelling.
* * * LOW HITPOINT WARNING * * *
You block the ancient champion's attack.
BONNNG!
The ancient champion points at you and mumbles some strange words.
The iron shot is repelled.
The iron shot hits the ancient champion!
The war gargoyle hits you with a +3 heavy flail!
* * * LOW HITPOINT WARNING * * *
Your resistance to cold fades away.
You feel protected from physical attacks.
Activating: Elemental Force (0% risk of failure)
Press: ? - help, Dir - look around, f - activate Clouds arounds you coalesce and take form!
The ancient champion is no longer encased in ice. x2
You block the quicksilver elemental's attack.
BOUMMMMG!
The war gargoyle hits you with a +0 great mace.
* * * LOW HITPOINT WARNING * * *
You block the ancient champion's attack.
GONNNNG!
You block the quicksilver elemental's attack.
PTOANNNG!
The ancient champion gestures at you while chanting.
The iron shot hits you!!
* * * LOW HITPOINT WARNING * * *
The war gargoyle hits you with a +0 great mace!!
You die...

▓▓▓▓▓▓▓▓▓▓▓▓▓▓▓▓▓▓▓
▓..E8©8...▓...8©8...▓
▓..}§}=|..▓..)).....▓
▓..}:}:|§.▓....[)[..▓
▓.≈§§.....▓.....†...▓
▓≈≈§...E..▓....)))..▓
▓≈..§z...§▓...†)....▓
▓§..99E...▓.........▓
▓..§z@z...▓.▓.....▓.▓
▓§▓E○.§○▓.▓....©....▓
▓....EEE..▓▓▓▓▓▓▓▓▓▓▓
▓▓▓▓▓▓▓▓▓▓▓


You could see a quicksilver elemental, 3 ancient champions, 2 war gargoyles, a
friendly earth elemental (summoned), a friendly fire elemental (summoned) and 4
friendly air elementals.

Vanquished Creatures
  A dread lich (D)
  A quicksilver elemental (D)
  A draconian scorcher (D)
  A draconian stormcaller (D)
  A stone giant (D)
  An ironbound thunderhulk (D)
  A mummy priest (D)
  2 vault guards (D)
  2 peacekeepers (D)
  A dancing weapon (D)
  A two-headed ogre (D)
  A deep elf knight (D)
  A wretched star (D)
  A large abomination (D)
  A wizard (D)
  A deep elf zephyrmancer (D)
  A naga mage (D)
  A vault sentinel (D)
  2 hellions (D)
  A guardian mummy (D)
  3 merfolk (D)
  A troll (D)
  A flying skull (D)
  A slime creature (D)
  A ynoxinul (D)
  2 spriggans (D)
  4 nagas (D)
  A small abomination (D)
  3 water moccasins (D)
  2 black bears (D)
  An ogre (D)
  A centaur (D)
  2 wolves (D)
  A necrophage (D)
  A wight (D)
  2 crimson imps (D)
  A mummy (D)
  A shadow imp (D)
  A white imp (D)
  An ufetubus (D)
  A ball python (D)
55 creatures vanquished.

Vanquished Creatures (collateral kills)
  A vault guard (D)
  An ironbound convoker (D)
  A vault sentinel (D)
  A yaktaur (D)
  A troll (D)
  2 merfolk (D)
  A mummy (D)
8 creatures vanquished.

Vanquished Creatures (others)
  A quasit (D)
1 creature vanquished.

Grand Total: 64 creatures vanquished

Notes
Turn   | Place    | Note
-------+----------+-------------------------------------------
     0 | D        | BigDaddyOpFi the Hill Orc Monk began the quest for the Orb.
     0 | D        | Reached XP level 1. HP: 19/19 MP: 1/1
     0 | D        | Found a blossoming altar of Fedhas.
     0 | D        | Found the +6 Majin-Bo {spellvamp, MP+6 Int+6}
     0 | D        | Found the +27 heavy crossbow "Sniper" {heavy, Acc+∞ SInv}
     0 | D        | Found the +10 dark maul {heavy}
     0 | D        | Found the +15 Maxwell's patent armour {-Cast -Tele rElec
                  | Will+ rCorr}
     0 | D        | Found the +18 shield of the Gong {Loud rN+ Will+ rCorr
                  | EV-5}
     0 | D        | Found the +16 obsidian axe {drain, demonic, Mesm Drain Fly
                  | SInv}
     0 | D        | Found the +7 great mace "Firestarter" {flame, inner flame,
                  | rFlCloud rF++}
     0 | D        | Found the +6 shillelagh "Devastator" {shatter}
     0 | D        | Found the +11 plutonium sword {Contam Stlth-}
     0 | D        | Found the +8 lance "Wyrmbane" {slay drac, rPois rF+ rC+
                  | AC+3}
     0 | D        | Found the +9 sword of Zonguldrok {reap}
     0 | D        | Found the +13 scythe of Curses {drain, curses, Drain}
     0 | D        | Found the +9 sword of Power {lifebolt}
     0 | D        | Found the +7 mace of Variability {chaos, chain chaos}
     0 | D        | Found the +11 Singing Sword {sonic wave}
     0 | D        | Found the +8 storm bow {elec, penet}
     1 | D        | Found a transporter.
     1 | D        | Found a viscous altar of Jiyva.
     1 | D        | Found an ancient bone altar of Kikubaaqudgha.
     1 | D        | Found a hazy altar of Hepliaklqana.
     1 | D        | Found a corrupted altar of Lugonu.
     1 | D        | Found an opulent altar of Gozag.
     1 | D        | Found a burning altar of Makhleb.
     2 | D        | Found a sacrificial altar of Ru.
     2 | D        | Found a shimmering blue altar of Sif Muna.
     2 | D        | Found a stormy altar of Qazlal.
     2 | D        | Found a bloodstained altar of Trog.
     2 | D        | Found an iron altar of Okawaru.
     2 | D        | Found a sparkling altar of Nemelex Xobeh.
    64 | D        | Became a worshipper of Qazlal Stormbringer
    64 | D        | Reached * piety under Qazlal
    64 | D        | Reached ** piety under Qazlal
   168 | D        | Entered arena 2.
   168 | D        | Noticed a necrophage
   168 | D        | Noticed a wight
   168 | D        | Found a transporter.
   171 | D        | Killed a wight
   172 | D        | Reached skill level 5 in Fighting
   172 | D        | Reached XP level 2. HP: 29/29 MP: 2/2
   172 | D        | Reached XP level 3. HP: 36/36 MP: 3/3
   173 | D        | Killed a necrophage
   174 | D        | Reached XP level 4. HP: 45/45 MP: 4/4
   180 | D        | Entered arena 3.
   180 | D        | Noticed a deep elf knight
   180 | D        | Noticed a +4 trident of freezing
   180 | D        | Noticed a deep elf zephyrmancer
   180 | D        | Found a transporter.
   183 | D        | Killed a +4 trident of freezing
   184 | D        | Reached skill level 10 in Fighting
   184 | D        | Reached XP level 5. HP: 41/59 MP: 5/5
   184 | D        | Reached XP level 6. HP: 47/67 MP: 6/6
   184 | D        | Reached XP level 7. HP: 51/73 MP: 7/7
   191 | D        | Killed a deep elf zephyrmancer
   191 | D        | Reached *** piety under Qazlal
   192 | D        | Reached XP level 8. HP: 81/82 MP: 8/8
   193 | D        | Killed a deep elf knight
   349 | D        | Got the Essays on the Escort
   351 | D        | Reached XP level 9. HP: 91/92 MP: 9/9
   355 | D        | Entered arena 4.
   355 | D        | Noticed a vault sentinel
   355 | D        | Noticed an ironbound convoker
   355 | D        | Noticed a peacekeeper
   355 | D        | Found a transporter.
   358 | D        | Noticed a white draconian stormcaller
   358 | D        | Noticed a stone giant
   359 | D        | Reached XP level 10. HP: 74/100 MP: 9/11
   359 | D        | Noticed a wretched star
   359 | D        | Noticed a red draconian scorcher
   360 | D        | Killed a peacekeeper
   361 | D        | Reached skill level 10 in Stealth
   364 | D        | Reached **** piety under Qazlal
   367 | D        | Killed a stone giant
   368 | D        | Reached skill level 15 in Axes
   369 | D        | Killed a wretched star
   369 | D        | Killed a red draconian scorcher
   369 | D        | Reached ***** piety under Qazlal
   369 | D        | Killed a white draconian stormcaller
   369 | D        | Killed an ironbound convoker
   370 | D        | Reached skill level 10 in Dodging
   370 | D        | Reached XP level 11. HP: 53/111 MP: 10/20
   375 | D        | Reached skill level 15 in Fighting
   385 | D        | Entered arena 5.
   385 | D        | Noticed a two-headed ogre
   385 | D        | Found a transporter.
   390 | D        | Killed a two-headed ogre
   662 | D        | Got the Papyrus of Mighty Moulding
   668 | D        | Entered arena 6.
   668 | D        | Noticed a mummy priest
   668 | D        | Found a transporter.
   673 | D        | Noticed a sixfirhy
   674 | D        | Reached ****** piety under Qazlal
   675 | D        | Killed a mummy priest
   892 | D        | Entered arena 7.
   893 | D        | Found a transporter.
   921 | D        | Entered arena 8.
   921 | D        | Found the +8 arc blade {discharge, rElec}
   922 | D        | Found a transporter.
   931 | D        | Reached skill level 15 in Invocations
   939 | D        | Entered arena 9.
   939 | D        | Found the +8 frozen axe "Frostbite" {freeze, freezing
                  | cloud, *Noise Fly rC+}
   939 | D        | Noticed a large abomination
   940 | D        | Found a transporter.
   947 | D        | Killed a large abomination
   960 | D        | Entered arena 10.
   960 | D        | Found the +3 greatsling "Punk" {acid, rCorr}
   960 | D        | Noticed a vault guard
   960 | D        | Noticed a vault guard
   960 | D        | Noticed a wizard
   960 | D        | Noticed a peacekeeper
   960 | D        | Noticed an ironbound thunderhulk
   960 | D        | Noticed a vault guard
   961 | D        | Found a transporter.
   964 | D        | Killed a peacekeeper
   965 | D        | Reached XP level 12. HP: 79/122 MP: 23/23
   967 | D        | Killed a vault guard
   968 | D        | Killed a vault guard
   969 | D        | Killed a vault guard
   970 | D        | Killed an ironbound thunderhulk
   983 | D        | Got the amulet "Yradef" {Spirit Str+2 Dex+2}
  1114 | D        | Entered arena 11.
  1115 | D        | Found a transporter.
  1144 | D        | Got Neveu's Grimoire of the Arctic Jinx
  1168 | D        | Entered arena 12.
  1168 | D        | Noticed an ancient champion
  1168 | D        | Noticed a war gargoyle
  1168 | D        | Noticed an ancient champion
  1168 | D        | Noticed a quicksilver elemental
  1168 | D        | Noticed a quicksilver elemental
  1169 | D        | Noticed a war gargoyle
  1169 | D        | Noticed a dread lich
  1169 | D        | Noticed an ancient champion
  1170 | D        | Found a transporter.
  1173 | D        | Noticed a green death
  1173 | D        | Killed a quicksilver elemental
  1173 | D        | Killed a dread lich
  1174 | D        | Reached XP level 13. HP: 41/134 MP: 0/26
  1175 | D        | Slain by a war gargoyle

Illustrated notes

Levels and vault maps discovered:
D:        sprint_v [room_start, room_1, room_2, room_3, room_4, room_5, room_6,
          room_7, room_8, room_9, room_10, room_11, room_12, room_13, room_14,
          room_15, room_16, room_17, room_18, room_19, room_20, room_21,
          room_22, room_23, room_24, room_25, room_26, room_27]

Skill      XL: |  1  2  3  4  5  6  7  8  9 10 11 12 |
---------------+-------------------------------------+-----
Fighting       | 5 6 10 11 12 14 16 17 | 17.9
Axes           | 6 7 11 12 13 14 16 17 19 | 19.3
Dodging        | 3 4 7 9 10 11 12 | 12.9
Stealth        | 3 4 7 8 9 11 12 13 | 13.8
Invocations    | 2 12 15 19 | 19.5

Action                     |  1- 3 |  4- 6 |  7- 9 | 10-12 | 13-15 || total
---------------------------+-------+-------+-------+-------+-------++-------
  Melee: Broad axe         |     4 |     1 |    10 |    62 |       ||    77
 Invoke: Disaster Area     |       |       |       |     1 |       ||     1
         Elemental Force   |       |       |       |       |     1 ||     1
    Use: Potion            |       |       |     3 |     5 |     1 ||     9
   Stab: Distracted        |       |       |       |     1 |       ||     1
 Armour: Plate armour      |     1 |     2 |     2 |    26 |     1 ||    32
  Dodge: Dodged            |       |       |       |     8 |       ||     8
         Repelled          |       |       |       |     2 |     1 ||     3
  Block: Kite shield       |     8 |     2 |    11 |   121 |     6 ||   148

Table legend: (Time is in decaauts)
 A = Elapsed time spent in this place.
 B = Non-inter-level travel time spent in this place.
 C = Inter-level travel time spent in this place.
 D = Time resting spent in this place.
 E = Time spent auto-exploring this place.
 F = Levels seen in this place.
 G = Mean time per level.
                   A        B        C        D        E       F      G
               +--------+--------+--------+--------+--------+-----+--------+
         Total |   1139 |   1139 |      0 |    828 |      0 |   1 | 1139.0 |
       Dungeon |   1139 |   1139 |      0 |    828 |      0 |   1 | 1139.0 |
               +--------+--------+--------+--------+--------+-----+--------+

Top non-repeatable levels by time:
       D: 1139 daAuts
